 Dungeon Crawl Stone Soup version 0.22-a0-580-gd5db89c (webtiles) character file.

95 Amnesiac the Magician (level 4, 0/33 HPs)
             Began as a Demigod Wizard on July 2, 2018.
             Slain by a quokka (3 damage)
             ... on level 3 of the Dungeon.
             The game lasted 00:03:06 (2960 turns).

Amnesiac the Magician (Demigod Wizard)              Turns: 2960, Time: 00:03:07

Health: 0/33       AC:  2    Str: 10    XL:     4   Next: 17%
Magic:  5/13       EV: 12    Int: 24    God:
Gold:   52         SH:  0    Dex: 14    Spells: 4/12 levels left

rFire    . . .     SeeInvis .   a - +0 dagger
rCold    . . .     Gourm    .   (no shield)
rNeg     . . .     Faith    .   k - +0 robe
rPois    .         Spirit   .   b - +0 hat
rElec    .         Reflect  .   (no cloak)
rCorr    .         Harm     .   (no gloves)
MR       .....                  (no boots)
Stlth    ++........             (no amulet)
HPRegen  0.11/turn              (no ring)
MPRegen  0.13/turn              (no ring)

@: lethally poisoned (0 -> -4), very slightly contaminated, hasted, very quick
A: high mp 1
a: no special abilities


You were on level 3 of the Dungeon.
You were not hungry.

You visited 1 branch of the dungeon, and saw 3 of its levels.

You collected 52 gold pieces.

Inventory:

Hand Weapons
 a - a +0 dagger (weapon)
Armour
 b - a +0 hat (worn)
 k - a +0 robe (worn)
Jewellery
 m - a +2 ring of dexterity {unknown}
Wands
 q - a wand of paralysis (3)
Scrolls
 e - 2 scrolls of identify {!r, unknown}
 h - a scroll of amnesia {!r, unknown}
 j - 2 scrolls of teleportation {!r, unknown}
 l - 2 scrolls of magic mapping {!r, unknown}
 p - a scroll of fog {!r, unknown}
 t - a scroll of enchant weapon {!r, unknown}
Potions
 c - a potion of haste {!q}
 f - a potion of invisibility {!q, unknown}
 g - a potion of degeneration {!q, unknown}
 i - a potion of flight {!q, unknown}
 n - 2 potions of brilliance {!q, unknown}
 o - a potion of might {!q, unknown}
 r - a potion of lignification {!q, unknown}
 s - a potion of ambrosia {!q, unknown}
Comestibles
 d - 5 rations


   Skills:
 - Level 1.7 Dodging
 - Level 1.7 Stealth
 + Level 4.5 Spellcasting
 - Level 0.8 Conjurations
 - Level 0.8 Summonings
 - Level 0.8 Translocations


You had 4 spell levels left.
You knew the following spells:

 Your Spells              Type           Power        Failure   Level  Hunger
a - Magic Dart            Conj           #...         7%          1    None
b - Call Imp              Summ           #.......     10%         2    None
e - Mephitic Cloud        Conj/Pois/Air  #.......     26%         3    ##.....
v - Blink                 Tloc           N/A          10%         2    None

Your spell library contained the following spells:

 Spells                   Type           Power        Failure   Level  Hunger
 Conjure Flame            Conj/Fire      #.......     24%         3    ##.....
 Slow                     Hex            #.......     14%         2    None


Dungeon Overview and Level Annotations

Branches:
Dungeon (3/15)


Innate Abilities, Weirdness & Mutations

You have an increased reservoir of magic. (+10% MP)


Message History

Confirm with . or Enter, or press ? or * to list all spells.
A beastly little devil appears in a puff of frigid air.
Casting: Call Imp (safe; 10% risk of failure)
Confirm with . or Enter, or press ? or * to list all spells.
You miscast Call Imp.
You are very lightly contaminated with residual magic.
Shadowy shapes form in the air around you, then vanish.
The orc wizard closely misses your crimson imp.
What are your orders? t - Shout!
Orders for allies: a - Attack new target. r - Retreat! s - Stop attacking. g - Guard the area. f - Follow me.
Anything else - Cancel.
Gang up on whom?
Press: ? - help, Dir - move target cursor, f - gnoll
Aim: a gnoll, wielding a spear Attack!
The orc wizard closely misses your crimson imp.
The orc priest hits your crimson imp but does no damage.
A quokka comes into view.
Your crimson imp blinks!
What are your orders? t - Shout!
Orders for allies: a - Attack new target. p - Attack previous target. r - Retreat! s - Stop attacking. g - Guard the area. f - Follow me.
Anything else - Cancel.
Gang up on whom?
Press: ? - help, Dir - move target cursor, f - orc priest, p - gnoll
Aim: an orc priest, wielding a club (lightly wounded) Attack!
The gnoll hits you from afar with a spear.
You swap places.
Your white imp gestures at the orc priest.
The puff of frost hits the orc wizard.
A gnoll comes into view. It is wielding a whip.
The adder bites you.
The orc wizard casts a spell.
The orc wizard blinks!
Casting: Call Imp (safe; 10% risk of failure)
Confirm with . or Enter, or press ? or * to list all spells.
A shadowy apparition takes form in the air.
Your shadow imp says, "Let's raise havoc!"
A gnoll comes into view. It is wielding a spear.
Your white imp gestures at the orc priest.
The puff of frost hits the orc priest.
The adder bites you. The gnoll closely misses you.
The orc priest calls down the wrath of Beogh upon you.
Beogh smites you!
* * * LOW HITPOINT WARNING * * *
Really quaff
c - 2 coppery potions {!q}?
It was a potion of haste {!q}.
You feel yourself speed up. The adder bites you.
* * * LOW HITPOINT WARNING * * *
You are poisoned.
The adder poisons you!
The orc wizard mumbles some strange words.
The orc wizard blinks!
The gnoll hits you from afar with a spear.
* * * LOW HITPOINT WARNING * * *
The adder bites you.
* * * LOW HITPOINT WARNING * * *
The quokka bites you.
You die...

.. ....##########
....#........#
....#........#
..g.........#
#.........# ..
#g.......# ..
#..gr5...# ..
#..§S@...#
############5.......#
.....##....5.o......#
).o...........#######
..............#
..............#
.........o......
..............##S
..............S. .


You could see an orc priest, an orc wizard, 3 gnolls, an adder, a quokka, a
friendly crimson imp, a friendly white imp and a friendly shadow imp.

Vanquished Creatures
  3 adders
  An ooze (D:1)
  An adder skeleton (D:3)
  2 worms (D:2)
  A dart slug (D:1)
  2 leopard geckos (D:1)
  An orc (D:3)
  A ball python (D:1)
  A giant cockroach (D:1)
  6 goblins
  4 hobgoblins
  3 jackals (D:1)
  9 kobolds
  A ball python skeleton (D:3)
  7 bats
  3 frilled lizards (D:1)
  8 rats
54 creatures vanquished.

Notes
Turn   | Place    | Note
-------+----------+-------------------------------------------
     0 | D:1      | Amnesiac the Demigod Wizard began the quest for the Orb.
     0 | D:1      | Reached XP level 1. HP: 14/14 MP: 6/6
   158 | D:1      | Reached skill level 3 in Spellcasting
   337 | D:1      | Reached XP level 2. HP: 20/20 MP: 5/8
   341 | D:1      | Learned a level 2 spell: Blink
   344 | D:1      | Learned a level 2 spell: Call Imp
   866 | D:1      | Reached XP level 3. HP: 22/26 MP: 8/11
   871 | D:1      | Learned a level 3 spell: Mephitic Cloud
  1184 | D:2      | Reached skill level 4 in Spellcasting
  1448 | D:2      | HP: 1/26 [worm (9)]
  2646 | D:2      | Found a bloodstained altar of Trog.
  2694 | D:2      | Reached XP level 4. HP: 32/33 MP: 2/13
  2960 | D:3      | Slain by a quokka

Vault maps used:
D:1:      shiori_arrival_maze
D:2:      bloody_trog, first_ration
D:3:      serial_undead, serial_undead_f, serial_undead_a, serial_undead_b,
          serial_undead_a, uniq_jessica

Skill      XL: |  1  2  3 |
---------------+----------+-----
Spellcasting   | 3 4 |  4.5
Dodging        | |  1.7
Stealth        | |  1.7
Conjurations   | |  0.8
Summonings     | |  0.8
Translocations | |  0.8

Action                   |  1- 3 |  4- 6 || total
-------------------------+-------+-------++-------
Melee: Unarmed           |     2 |       ||     2
       Dagger            |    16 |     1 ||    17
 Cast: Magic Dart        |   147 |    17 ||   164
       Call Imp          |     5 |     3 ||     8
  Use: Potion            |       |     1 ||     1
 Stab: Distracted        |     1 |       ||     1
       Sleeping          |       |     1 ||     1
  Eat: Chunk             |     4 |     2 ||     6
Armor: Robe              |     9 |     1 ||    10
Dodge: Dodged            |    39 |     5 ||    44

Table legend:
 A = Spawn XP
 B = Non-spawn XP
 C = Spawn XP percentage of total XP
 D = Spawn monster count
 E = Non-spawn monster count
 F = Spawn count percentage of total count
 G = Total turns spent on level
                    A         B        C        D         E        F      G
               +---------+---------+-------+---------+---------+-------+---------
         Total |       0 |     137 |   0.0 |       0 |      54 |   0.0 |  2960
               +---------+---------+-------+---------+---------+-------+---------
           D:1 |       0 |      57 |   0.0 |       0 |      30 |   0.0 |  1167
           D:2 |       0 |      52 |   0.0 |       0 |      16 |   0.0 |  1619
           D:3 |       0 |      28 |   0.0 |       0 |       8 |   0.0 |   174
               +---------+---------+-------+---------+---------+-------+---------
